 Dungeon Crawl Stone Soup version 0.28.0-45-g0d030f2227 (webtiles) character file.

Game seed: 18441566708605310018

265021 pkoi the Destroyer (level 18, -4/147 HPs)
             Began as a Demigod Conjurer on Apr 20, 2022.
             Killed from afar by an ironbound frostheart (24 damage)
             ... by creeping frost
             ... on level 1 of the Vaults.
             The game lasted 02:46:54 (91973 turns).

pkoi the Destroyer (Demigod Conjurer)              Turns: 91973, Time: 02:46:54

Health: -4/147     AC: 11    Str: 16    XL:     18   Next: 95%
Magic:  4/48       EV: 34    Int: 40    God:
Gold:   3656       SH:  0    Dex: 16    Spells: 5/41 levels left

rFire   . . .      SeeInvis .   t - staff of conjuration
rCold   + + .      Faith    .   (no shield)
rNeg    . . .      Spirit   .   B - +2 robe {Archmagi}
rPois   .          Reflect  .   l - +2 helmet of the Spider Nest {rC++ Dex+4}
rElec   .          Harm     .   p - scarf {repulsion}
rCorr   .          Rampage  .   N - +0 pair of gloves of the Northern Lights {Will+ Slay+3}
Will    ++...      Archmagi +   X - +2 pair of boots {Stlth+}
Stlth   ++++......              F - amulet of the acrobat
HPRegen 0.34/turn               H - ring of the Pariah {MP+9 Str+4}
MPRegen 0.31/turn               D - +4 ring of slaying

@: about to teleport, frozen, acrobatic, studying 3 skills, repel missiles, very
slow
A: high MP 1, forlorn, divine attributes
}: 1/15 runes: decaying
a: no special abilities


You were on level 1 of the Vaults.
You visited 7 branches of the dungeon, and saw 35 of its levels.
You also visited: Ossuary and Gauntlet.

You collected 4721 gold pieces.
You spent 1065 gold pieces at shops.

Inventory:

Hand Weapons
 G - a +6 vampiric short sword
 Z - the +8 hunting sling "Lorem Ipsum" {flame, Dex+2}
   (You found it on level 5 of the Lair of Beasts)

   Any ammunition fired from it burns those it strikes, dealing additional fire
   damage.
   Dex:       It affects your dexterity (+2).
Missiles
 q - 43 poisoned darts
 s - 7 throwing nets
 Y - 5 javelins
Armour
 l - the +2 helmet of the Spider Nest (worn) {rC++ Dex+4}
   (You found it on level 4 of the Swamp)

   Dex:       It affects your dexterity (+4).
   rC:        It greatly protects you from cold.
 p - a scarf of repulsion (worn)
 B - a +2 robe of the Archmagi (worn)
 N - the +0 pair of gloves of the Northern Lights (worn) {Will+ Slay+3}
   (You found it on level 15 of the Dungeon)

   Slay:      It affects your accuracy & damage with ranged weapons and melee
   (+3).
   Will:      It increases your willpower.
 X - a +2 pair of boots of stealth (worn)
Magical Staves
 t - a staff of conjuration (weapon)
Jewellery
 c - a ring of resist corrosion
 o - a ring of fire
 D - a +4 ring of slaying (right hand)
 F - an amulet of the acrobat (around neck)
 H - the ring of the Pariah (left hand) {MP+9 Str+4}
   (You took it off a deep elf high priest on level 3 of the Elven Halls)

   [ring of magical power]

   Str:       It affects your strength (+4).
   MP:        It affects your magic capacity (+9).
 V - a ring of poison resistance
Wands
 b - a wand of digging (2)
 h - a wand of polymorph (18)
 i - a wand of iceblast (10)
 k - a wand of flame (29)
 y - a wand of paralysis (32)
 C - a wand of acid (4)
 P - a wand of mindburst (37)
 U - a wand of charming (13)
Scrolls
 a - 6 scrolls of blinking
 e - 10 scrolls of teleportation
 w - 3 scrolls of summoning
 x - 6 scrolls of amnesia
 E - a scroll of enchant weapon
 J - 2 scrolls of silence
 K - 4 scrolls of fog
 L - 7 scrolls of fear
 M - a scroll of enchant armour
 O - 2 scrolls of brand weapon
 S - 3 scrolls of magic mapping
 T - 4 scrolls of holy word
Potions
 d - 11 potions of might
 f - 2 potions of attraction
 g - a potion of resistance
 m - 9 potions of heal wounds
 n - 4 potions of cancellation
 r - 2 potions of brilliance
 u - 9 potions of curing
 v - 3 potions of ambrosia
 z - 3 potions of magic
 A - 6 potions of flight
 I - a potion of invisibility
 Q - 3 potions of haste
 R - 3 potions of berserk rage
Miscellaneous
 W - a phantom mirror


   Skills:
 - Level 10.0 Fighting
 + Level 12.2 Dodging
 - Level 6.0 Stealth
 + Level 7.3 Unarmed Combat
 - Level 12.0 Spellcasting
 - Level 14.0 Conjurations
 - Level 12.5 Hexes
 - Level 4.0 Necromancy
 - Level 8.0 Translocations
 - Level 9.0 Transmutations
 - Level 6.0 Fire Magic
 + Level 10.5 Air Magic
 - Level 9.0 Earth Magic
 - Level 6.0 Poison Magic
 - Level 6.0 Evocations


You had 5 spell levels left.
You knew the following spells:

 Your Spells              Type           Power      Damage    Failure   Level
a - Magic Dart            Conj           100%       1d8       0%          1
c - Iskenderun's Mystic   Conj/Tloc      100%       2d19      1%          4
d - Fulminant Prism       Conj/Hex       69%        3d28      1%          4
e - Irradiate             Conj/Tmut      65%        3d35      1%          5
f - Poisonous Vapours     Pois/Air       100%       N/A       1%          2
g - Iron Shot             Conj/Erth      65%        9d12      1%          6
h - Ignite Poison         Fire/Tmut/Pois 88%        N/A       1%          3
i - Borgnjor's Vile Clut  Necr/Erth      42%        N/A       2%          5
j - Olgreb's Toxic Radia  Pois           82%        N/A       1%          4
k - Blink                 Tloc           100%       N/A       1%          2

Your spell library contained the following spells:

 Spells                   Type           Power      Damage    Failure   Level
 Slow                     Hex            100%       N/A       0%          1
 Searing Ray              Conj           100%       2d8       0%          2
 Static Discharge         Conj/Air       100%       N/A       0%          2
 Freeze                   Ice            100%       1d11      1%          1
 Sting                    Tmut/Pois      100%       1d8       1%          1
 Corpse Rot               Necr/Air       100%       N/A       1%          2
 Ensorcelled Hibernation  Hex/Ice        100%       N/A       1%          2
 Sublimation of Blood     Necr           71%        N/A       1%          2
 Confusing Touch          Hex            100%       N/A       1%          3
 Dazzling Flash           Conj/Hex       100%       N/A       1%          3
 Mephitic Cloud           Conj/Pois/Air  100%       N/A       1%          3
 Portal Projectile        Hex/Tloc       100%       N/A       1%          3
 Spider Form              Tmut/Pois      90%        N/A       1%          3
 Vampiric Draining        Necr           71%        2d11      1%          3
 Anguish                  Hex/Necr       47%        N/A       1%          4
 Hailstorm                Conj/Ice       100%       3d20      1%          4
 Leda's Liquefaction      Hex/Erth       52%        N/A       1%          4
 Petrify                  Tmut/Erth      97%        N/A       1%          4
 Alistair's Intoxication  Tmut/Pois      60%        N/A       1%          5
 Blade Hands              Tmut           48%        N/A       1%          5
 Freezing Cloud           Conj/Ice/Air   58%        6-21      1%          5
 Lee's Rapid Deconstruct  Erth           48%        3d24*     1%          5
 Manifold Assault         Tloc           93%        N/A       1%          5
 Call Imp                 Summ           36%        N/A       2%          2
 Animate Armour           Summ/Erth      100%       N/A       2%          4
 Animate Dead             Necr           35%        N/A       2%          4
 Dispel Undead            Necr           71%        3d24      2%          4
 Frozen Ramparts          Ice            72%        1d9       4%          3
 Excruciating Wounds      Necr           35%        N/A       8%          5
 Statue Form              Tmut/Erth      64%        N/A       5%          6
 Dispersal                Tloc           46%        N/A       9%          6
 Eringya's Noxious Bog    Tmut/Pois      45%        N/A       10%         6
 Storm Form               Tmut/Air       50%        N/A       22%         7
 Death Channel            Necr           35%        N/A       38%         6
 Spellforged Servitor     Conj/Summ      55%        N/A       56%         7
 Disjunction              Tloc           46%        N/A       98%         8
 Haunt                    Necr/Summ      28%        N/A       99%         7
 Infestation              Necr           35%        N/A       100%        8
 Chain Lightning          Conj/Air       67%        3d89      100%        9


Dungeon Overview and Level Annotations

Branches:
Dungeon (15/15)            Temple (0/1) D:6            Lair (6/6) D:10
  Swamp (4/4) Lair:3       Spider (4/4) Lair:3        Slime (0/5) Lair:6
    Orc (2/2) D:10            Elf (3/3) Orc:2        Vaults (1/5) D:13
 Depths (0/4) D:15        Ossuary (visited)         Gauntlet (visited)

Shops:
D:4 *   D:6 =   D:12 !   D:13 (   Orc:2 [*((   Elf:1 [   Elf:2 (   Elf:3 =
Vaults:1 (

Portals:
Hell: Lair:6
Trove: D:10 (give 2 scrolls of acquirement)

Annotations:
D:13 2 transporters, meepyknight's ghost, journeyman GrFi
D:15 selver's ghost, journeyman DsGl
Elf:2 3 runed translucent doors


Innate Abilities, Weirdness & Mutations

You have an increased reservoir of magic. (+10% MP)
You shall have no god before yourself.
Your divine heritage dramatically boosts your attributes as you level up.


Message History

The ironbound frostheart looks as sick as possible!
The yaktaur looks as sick as possible!
The centaur warrior looks even sicker.
The centaur warrior looks as sick as possible!
The deep troll looks even sicker.
Your toxic aura wanes.
The zombie hands constrict the ironbound frostheart.
The zombie hands constrict the yaktaur!
The zombie hands constrict the centaur warrior!!
You kill the centaur warrior!
The zombie hands constrict the centaur warrior!
You kill the yaktaur!
The centaur warrior struggles to escape constriction.
The ironbound frostheart struggles to escape constriction.
The centaur warrior struggles to escape constriction.
The zombie hands constrict the ironbound frostheart!
The zombie hands constrict the centaur warrior!
You kill the centaur warrior!
The centaur warrior wields a +0 shortbow.
The centaur warrior shoots an arrow.
The arrow completely misses you.
The ironbound frostheart escapes!
The centaur warrior shoots an arrow.
The arrow closely misses you.
You hear a shout!
The ironbound frostheart calls freezing cold from the walls.
The frost grips you!! You partially resist.
* * * LOW HITPOINT WARNING * * *
You are encased in ice.
You feel much better. The ice encasing you melts away.
Casting: Borgnjor's Vile Clutch (mildly dangerous; 2% risk of failure)
Confirm with . or Enter, or press ? or * to list all spells.
Okay, then.
As you read the scroll of teleportation, it crumbles to dust.
You feel strangely unstable.
The ironbound frostheart calls freezing cold from the walls.
The frost grips you! You partially resist.
* * * LOW HITPOINT WARNING * * *
You are encased in ice.
The ironbound frostheart calls freezing cold from the walls.
The frost grips you!! You partially resist.
You die...

..# ##'#'#######...#......#..#.#
..####..........#...#......'..#..
..#..#..........#[..#......#..###
###''####.......#...########..#
..>..∩..'.......#.p...........#
###≈≈####.......'..#########..#
..####.......)..#T.#.......#..#
'##########'#####..#.......#..###
................@..#.......#....#
...................#.......#....#
...................#..)....#....#
########........?.(#.>....)#....#
#......#.########..#.......#....#
#......#.#......#..#.......#....#
#......#.#......'..#.......'....#
#......#.#.....)#..#...)...#....#
#......#.#......#..#.......#....#


You could see an ironbound frostheart (very poisoned) and a deep troll (very
poisoned).

Vanquished Creatures
  the Lernaean hydra (Swamp:4)
  Jorgrun (Spider:1)
  A deep elf blademaster (Elf:3)
  3 deep elf master archers (Elf:3)
  3 thorn hunters (Swamp:2)
  2 fenstrider witches
  Donald (Spider:2)
  A fire giant (Vaults:1)
  5 deep elf sorcerers
  An emperor scorpion (Spider:3)
  The ghost of Qishud the Geomancer, an adept GrEE of Vehumet (D:15)
  3 vault wardens (Vaults:1)
  The ghost of Purphixowk the Carver, a journeyman DsGl of Makhleb (D:15)
  The ghost of Xiestris the Carver, a journeyman DsGl of Makhleb (D:15)
  The ghost of Giaff the Carver, a journeyman DsGl of Makhleb (D:15)
  The ghost of Purphixowk the Carver, a journeyman DsGl of Makhleb (D:15)
  Aizul (Spider:1)
  An orc warlord (Vaults:1)
  2 deep elf elementalists
  5 ironbound preservers (Vaults:1)
  2 ironbound thunderhulks (Vaults:1)
  The ghost of Yakesh the Fencer, a journeyman MiFi of Okawaru (D:14)
  5 eleionomae
  2 deep elf demonologists (Elf:3)
  Azrael (Orc:2)
  7 deep elf annihilators
  A minotaur (Gauntlet)
  5 bunyips
  The ghost of mrw3rdna the Basher, a journeyman DsAK of Lugonu (Lair:5)
  An entropy weaver (Spider:3)
  9 dire elephants
  The ghost of zeratav the Severer, a journeyman MiBe of Trog (Lair:1)
  Snorg (Lair:3)
  A green death (Gauntlet)
  3 spark wasps (Spider:3)
  An ettin (D:13)
  5 deep elf death magi (Elf:3)
  Josephine (Orc:2)
  A shambling mangrove (Swamp:3)
  2 yaktaur captains (Vaults:1)
  2 vault guards (Vaults:1)
  3 deep elf high priests (Elf:3)
  Harold (D:7)
  3 boulder beetles
  A hell beast (Lair:6)
  The ghost of Puceqeiv the Tainter, a journeyman FoWn of Ru (D:15)
  28 hydras
  3 ironbound frosthearts (Vaults:1)
  2 ghost crabs (Swamp:1)
  A death knight (D:15)
  16 centaur warriors
  14 alligators
  3 two-headed ogres
  3 death yaks (Lair:6)
  3 orc high priests (Orc:2)
  A tengu warrior (D:15)
  11 dancing weapons
  Urug (Lair:6)
  3 deep elf knights
  2 pharaoh ants
  A sun moth (Spider:1)
  A glowing orange brain (Vaults:1)
  8 skeletal warriors
  4 goliath frogs
  11 deep trolls (Vaults:1)
  17 bog bodies
  3 spriggan druids
  6 steelbarb worms
  10 swamp dragons
  5 lindwurms
  7 deep elf archers
  5 orb spiders
  10 orc knights
  19 deep elf zephyrmancers
  4 ironbound convokers (Vaults:1)
  4 wizards
  A necromancer (D:15)
  A wolf spider zombie (D:15)
  3 harpies (D:15)
  6 ugly things
  28 deep elf pyromancers
  14 wolf spiders
  5 orc sorcerers
  11 will-o-the-wisps
  4 cyclopes
  6 manticores
  A salamander (shapeshifter) (Elf:1)
  4 moths of wrath
  24 elephants
  5 black mambas
  Maggie (D:6)
  A vault sentinel (Vaults:1)
  2 naga magi (D:15)
  3 gargoyles
  A smoke demon (Lair:6)
  6 torpor snails
  2 kobold demonologists (D:12)
  16 cane toads
  An orange demon (Lair:6)
  A freezing wraith (D:15)
  5 unseen horrors
  8 demonic crawlers
  Psyche (D:9)
  9 komodo dragons
  5 rime drakes
  2 efreet (D:13)
  15 yaktaurs (Vaults:1)
  4 ice devils (Lair:6)
  3 burning bushes (Lair:1)
  2 trolls
  A polar bear (shapeshifter) (Elf:3)
  4 hornets
  18 meliai
  A polar bear (Lair:6)
  9 tyrant leeches
  A bloated husk (Swamp:4)
  14 tarantellas
  6 slime creatures
  6 dream sheep
  24 blink frogs
  13 culicivoras
  19 jumping spiders
  3 air elementals
  A vampire (D:12)
  36 yaks
  11 basilisks
  A water elemental (Elf:3)
  5 spriggans
  7 fire elementals
  5 wyverns
  5 wraiths
  2 shadows
  16 vampire mosquitoes
  43 redbacks
  3 wargs
  Edmund (D:6)
  A harpy simulacrum (D:11)
  An acid dragon (D:11)
  14 swamp worms
  6 hell hounds
  20 water moccasins
  A floating eye (shapeshifter) (D:13)
  31 orc warriors
  An ice beast (D:5)
  7 swamp drakes (Swamp:4)
  2 hornet zombies
  A necrophage (D:6)
  4 black bears
  10 ogres
  26 wolves
  5 boggarts (D:14)
  11 centaurs
  3 phantoms
  8 bullfrogs
  9 kobold brigands
  3 earth elementals
  5 elf zombies (Ossuary)
  A gnoll sergeant (D:3)
  3 scorpions
  A water moccasin zombie (D:3)
  3 killer bees (D:9)
  8 wights
  4 howler monkeys
  6 electric eels (D:7)
  8 centaur zombies
  A bullfrog zombie (D:6)
  A hound (D:3)
  A jelly (D:5)
  17 orc priests
  4 centaur skeletons
  3 human zombies (Ossuary)
  3 gnoll shamans
  A bullfrog skeleton (D:6)
  Terence (D:2)
  6 iguanas
  Natasha (thrice) (D:2)
  28 orc wizards
  12 hell rats
  The ghost of Juicyj the Shield-Bearer, a weakling FoFi (D:15)
  2 hound zombies (Ossuary)
  4 mummies
  28 gnolls
  9 adders
  An ufetubus (D:6)
  5 adder zombies
  3 dart slugs
  76 orcs
  4 endoplasms
  3 giant cockroaches
  A gnoll zombie (Ossuary)
  6 goblins
  10 hobgoblins
  14 jackals
  3 quokkas
  4 ball pythons
  13 bats
  4 frilled lizards
  5 goblin zombies (Ossuary)
  3 hobgoblin zombies (Ossuary)
  3 jackal zombies (Ossuary)
  21 kobolds
  3 kobold zombies (Ossuary)
  2 quokka zombies (Ossuary)
  2 rats
  2 rat zombies (Ossuary)
  10 briar patches (Swamp:2)
  A fulminant prism (Swamp:1)
1287 creatures vanquished.

Vanquished Creatures (others)
  An alligator (Swamp:3)
  3 bloated husks
  A tyrant leech (Swamp:1)
  A centaur skeleton (D:7)
  A briar patch (Swamp:2)
  39 foxfires
  486 fulminant prisms
  74 fungi
  92 plants
698 creatures vanquished.

Grand Total: 1985 creatures vanquished

Notes
Turn   | Place    | Note
-------+----------+-------------------------------------------
     0 | D:1      | pkoi the Demigod Conjurer began the quest for the Orb.
     0 | D:1      | Reached XP level 1. HP: 14/14 MP: 5/5
   368 | D:1      | Reached skill level 4 in Conjurations
   480 | D:1      | Reached XP level 2. HP: 20/20 MP: 5/7
  1171 | D:2      | Learned a level 2 spell: Searing Ray
  1178 | D:2      | Noticed Natasha
  1433 | D:2      | Killed Natasha
  1434 | D:2      | Reached XP level 3. HP: 18/26 MP: 2/8
  1541 | D:2      | Noticed Natasha
  1545 | D:2      | Killed Natasha
  1546 | D:2      | Reached skill level 5 in Conjurations
  1758 | D:2      | Noticed Terence
  1828 | D:2      | Noticed Natasha
  1834 | D:2      | Killed Natasha
  1835 | D:2      | Reached XP level 4. HP: 17/33 MP: 3/9
  2794 | D:3      | Reached skill level 6 in Conjurations
  2794 | D:3      | Reached XP level 5. HP: 38/38 MP: 2/10
  3297 | D:3      | Noticed an ogre
  3302 | D:3      | Killed an ogre
  3674 | D:3      | Reached skill level 7 in Conjurations
  3674 | D:3      | Reached XP level 6. HP: 45/45 MP: 6/11
  3720 | D:3      | Learned a level 4 spell: Iskenderun's Mystic Blast
  4098 | D:3      | Reached skill level 1 in Translocations
  4791 | D:2      | Killed Terence
  5126 | D:3      | Reached XP level 7. HP: 50/50 MP: 9/13
  6408 | D:4      | Found Nigus's General Store.
  7365 | D:5      | Entered Level 5 of the Dungeon
  7544 | D:5      | Found a sand-covered staircase.
  7554 | Ossuary  | Entered an ossuary
  7652 | Ossuary  | Reached skill level 8 in Conjurations
  8311 | Ossuary  | Reached XP level 8. HP: 53/57 MP: 8/16
  8656 | Ossuary  | Learned a level 4 spell: Fulminant Prism
  8774 | Ossuary  | Reached skill level 1 in Hexes
  9944 | D:5      | Reached skill level 5 in Translocations
 10341 | D:6      | Found a staircase to the Ecumenical Temple.
 10729 | D:6      | Found Xiqif's Jewellery Shoppe.
 10865 | D:6      | Noticed Edmund
 10874 | D:6      | Killed Edmund
 10875 | D:6      | Reached skill level 9 in Conjurations
 10875 | D:6      | Reached XP level 9. HP: 61/62 MP: 1/18
 11805 | D:6      | Noticed Maggie
 11817 | D:6      | Killed Maggie
 12497 | D:7      | Noticed Harold
 12568 | D:7      | Reached skill level 5 in Hexes
 13378 | D:7      | Reached skill level 5 in Spellcasting
 13708 | D:7      | Killed an unseen horror
 14669 | D:8      | Reached XP level 10. HP: 67/69 MP: 16/21
 16696 | D:9      | Reached skill level 10 in Conjurations
 17033 | D:9      | You are sucked into a shaft and drop 1 floor!
 17033 | D:10     | Entered Level 10 of the Dungeon
 17069 | D:10     | Found a staircase to the Orcish Mines.
 17077 | D:10     | Noticed a two-headed ogre
 17154 | D:10     | Killed a two-headed ogre
 17402 | D:9      | Noticed Psyche
 17408 | D:9      | Killed Psyche
 18232 | D:9      | Noticed a five-headed hydra
 18238 | D:9      | Killed a five-headed hydra
 18239 | D:9      | Reached XP level 11. HP: 74/74 MP: 8/24
 19318 | D:10     | Found a staircase to the Lair.
 19899 | D:10     | Found a portal to a secret trove of treasure.
 20324 | D:11     | Noticed a two-headed ogre
 20330 | D:11     | Killed a two-headed ogre
 20579 | D:11     | Identified a scroll of acquirement
 20579 | D:11     | Acquired a book of Alchemy
 20587 | D:11     | Learned a level 5 spell: Irradiate
 20659 | D:11     | Noticed a two-headed ogre
 20680 | D:11     | Killed a two-headed ogre
 20681 | D:11     | Reached skill level 1 in Transmutations
 20815 | D:11     | Noticed a boulder beetle
 20931 | D:11     | Learned a level 2 spell: Poisonous Vapours
 21041 | D:11     | Killed a boulder beetle
 21622 | D:11     | Noticed a four-headed hydra
 22333 | D:11     | Reached skill level 1 in Fighting
 22333 | D:11     | Reached skill level 1 in Poison Magic
 22649 | D:12     | Reached skill level 1 in Air Magic
 22650 | D:12     | Noticed a deep elf pyromancer
 22877 | D:12     | Killed a deep elf pyromancer
 22878 | D:12     | Reached skill level 11 in Conjurations
 24369 | D:12     | Found Empus's Distillery.
 24377 | D:12     | Bought a potion of haste for 170 gold pieces
 24377 | D:12     | Bought a potion of berserk rage for 85 gold pieces
 24421 | D:12     | Reached XP level 12. HP: 77/85 MP: 12/27
 25436 | Lair:1   | Entered Level 1 of the Lair of Beasts
 25436 | Lair:1   | Noticed a seven-headed hydra
 25442 | Lair:1   | Killed a seven-headed hydra
 26250 | Lair:1   | Noticed an eight-headed hydra
 26252 | Lair:1   | Noticed zeratav's ghost (journeyman MiBe)
 26262 | Lair:1   | Found a transporter.
 26284 | Lair:1   | Found a transporter.
 26926 | Lair:2   | Reached skill level 10 in Hexes
 27299 | Lair:2   | Reached skill level 1 in Evocations
 28994 | Lair:3   | Noticed a seven-headed hydra
 29250 | Lair:3   | Reached XP level 13. HP: 94/96 MP: 9/29
 29905 | Lair:3   | Found a hole to the Spider Nest.
 30037 | Lair:3   | Learned a level 6 spell: Iron Shot
 30712 | Lair:3   | Found a staircase to the Swamp.
 31150 | Lair:3   | Noticed Snorg
 31185 | Lair:3   | Killed Snorg
 32017 | Lair:4   | Reached skill level 1 in Earth Magic
 32310 | Lair:4   | Reached skill level 5 in Dodging
 34025 | Lair:5   | Noticed mrw3rdna's ghost (journeyman DsAK)
 34027 | Lair:5   | Found a transporter.
 34029 | Lair:5   | Noticed a dire elephant
 34032 | Lair:5   | Found a transporter.
 34053 | Lair:5   | Reached skill level 5 in Transmutations
 34349 | Lair:5   | Reached skill level 5 in Fighting
 35358 | Lair:5   | Reached skill level 12 in Conjurations
 36001 | Lair:6   | Entered Level 6 of the Lair of Beasts
 37436 | Lair:6   | Reached skill level 5 in Stealth
 37834 | Lair:6   | Noticed Urug
 37835 | Lair:6   | Reached XP level 14. HP: 107/107 MP: 15/31
 37841 | Lair:6   | Killed Urug
 38783 | Lair:6   | Found a staircase to the Slime Pits.
 42418 | Lair:6   | Found a gateway to Hell.
 43082 | D:13     | Reached skill level 5 in Evocations
 43325 | D:13     | Found a gate to the Vaults.
 43353 | D:13     | Found Coet's Antique Weapon Shoppe.
 43720 | D:13     | Noticed meepyknight's ghost (journeyman GrFi)
 43740 | D:13     | Found a transporter.
 43741 | D:13     | Identified the +3 dire flail "Loca" {freeze, *Corrode rElec
                  | rF- Dex+6}
 43741 | D:13     | Identified the +8 dire flail "Gyoffa" {holy, rN+ Str+4}
 43744 | D:13     | Found a transporter.
 43876 | D:13     | Paralysed by a floating eye for 2 turns
 45317 | D:7      | Killed Harold
 45829 | Swamp:1  | Entered Level 1 of the Swamp
 48627 | Swamp:2  | Noticed a thorn hunter
 49047 | Swamp:2  | Killed a thorn hunter
 49505 | Swamp:2  | Noticed a thorn hunter
 50434 | Orc:1    | Entered Level 1 of the Orcish Mines
 50446 | Orc:1    | Reached skill level 5 in Earth Magic
 51482 | Orc:2    | Entered Level 2 of the Orcish Mines
 51482 | Orc:2    | Found a staircase to the Elven Halls.
 51492 | Orc:2    | Noticed Azrael
 51766 | Orc:2    | Killed Azrael
 51874 | Orc:2    | Reached XP level 15. HP: 118/118 MP: 15/32
 53275 | Orc:2    | Noticed Josephine
 53282 | Orc:2    | Killed Josephine
 53587 | Orc:2    | Found Nonifihi's Weapon Shop.
 53592 | Orc:2    | Found Niel's Assorted Antiques.
 53618 | Orc:2    | Bought 3 scrolls of teleportation for 252 gold pieces
 53618 | Orc:2    | Bought a potion of heal wounds for 140 gold pieces
 53618 | Orc:2    | Found Tykakh's Armour Shoppe.
 53622 | Orc:2    | Found Josiqeip's Weapon Shop.
 54326 | Spider:1 | Entered Level 1 of the Spider Nest
 54338 | Spider:1 | Noticed Aizul
 55125 | Swamp:2  | Killed a thorn hunter
 55369 | Swamp:2  | Noticed a thorn hunter
 56257 | Swamp:2  | Killed a thorn hunter
 57099 | Swamp:3  | HP: 5/118 [tyrant leech (9)]
 57497 | Swamp:3  | HP: 3/118 [constriction (10)]
 57971 | Swamp:3  | Noticed a fenstrider witch
 57976 | Swamp:3  | Paralysed by a fenstrider witch for 5 turns
 57983 | Swamp:3  | Killed a fenstrider witch
 58460 | D:14     | Found a gate leading to a gauntlet.
 58466 | Gauntlet | Entered a Gauntlet
 58466 | Gauntlet | Found a transporter.
 58466 | Gauntlet | Found a transporter.
 58466 | Gauntlet | Found a transporter.
 58586 | Gauntlet | Found a transporter.
 58601 | Gauntlet | Found a transporter.
 58603 | Gauntlet | Found a large runed translucent door.
 58604 | Gauntlet | Found a large runed translucent door.
 58605 | Gauntlet | Found a large runed translucent door.
 58605 | Gauntlet | Found a large runed translucent door.
 58605 | Gauntlet | Found a runed translucent door.
 58605 | Gauntlet | Found a runed translucent door.
 58606 | Gauntlet | Found a transporter.
 58618 | Gauntlet | Found a transporter.
 58626 | Gauntlet | Found a transporter.
 58642 | Gauntlet | Found a transporter.
 58686 | Gauntlet | Found a large runed translucent door.
 58687 | Gauntlet | Found a large runed translucent door.
 58688 | Gauntlet | Found a large runed translucent door.
 58688 | Gauntlet | Found a large runed translucent door.
 58689 | Gauntlet | Found a large runed translucent door.
 58690 | Gauntlet | Found a large runed translucent door.
 58691 | Gauntlet | Found a large runed translucent door.
 58691 | Gauntlet | Found a large runed translucent door.
 58692 | Gauntlet | Found a runed translucent gate.
 58692 | Gauntlet | Found a runed translucent gate.
 58692 | Gauntlet | Found a runed translucent gate.
 58694 | Gauntlet | Found a transporter.
 58703 | Gauntlet | Found a large runed translucent door.
 58703 | Gauntlet | Found a large runed translucent door.
 58704 | Gauntlet | Found a large runed translucent door.
 58705 | Gauntlet | Found a large runed translucent door.
 58709 | Gauntlet | Found a transporter.
 58719 | Gauntlet | Found a transporter.
 58839 | Gauntlet | Identified the +2 helmet of Sorcery {Str+2}
 58898 | Gauntlet | Identified the +0 hat "Hatwi Uxemn" {+Inv}
 59139 | Gauntlet | Identified the +1 scale mail "Pyur" {rN++ Will- Str+4}
 61008 | D:15     | Entered Level 15 of the Dungeon
 61903 | D:15     | Reached skill level 10 in Spellcasting
 62133 | Spider:1 | Killed Aizul
 62618 | Spider:1 | Reached XP level 16. HP: 122/126 MP: 29/35
 62620 | Spider:1 | Reached skill level 13 in Conjurations
 63512 | Lair:3   | Learned a level 3 spell: Ignite Poison
 64836 | Swamp:2  | Reached skill level 1 in Fire Magic
 65773 | Swamp:3  | Identified the +0 scale mail "Siveboad" {+Blink rF- SInv
                  | Stlth+}
 66708 | Swamp:4  | Entered Level 4 of the Swamp
 70177 | Swamp:4  | Noticed the 27-headed Lernaean hydra
 70188 | Swamp:4  | Killed the 27-headed Lernaean hydra
 70984 | Swamp:4  | Identified the +2 helmet of the Spider Nest {rC++ Dex+4}
 71193 | Swamp:4  | Got a decaying rune of Zot
 71921 | Spider:1 | Reached skill level 5 in Poison Magic
 72436 | Spider:1 | Noticed Jorgrun
 72814 | Spider:1 | Killed Jorgrun
 74909 | Spider:2 | Reached XP level 17. HP: 97/132 MP: 15/37
 75203 | Spider:2 | Reached skill level 14 in Conjurations
 75304 | Spider:2 | Noticed Donald
 75310 | Spider:2 | Killed Donald
 75311 | Spider:2 | Reached skill level 5 in Fire Magic
 76124 | D:4      | Bought Great Wizards, Vol. II for 418 gold pieces
 76130 | D:4      | Learned a level 5 spell: Borgnjor's Vile Clutch
 76936 | D:15     | Found a huge runed gate.
 76971 | D:15     | Found a huge runed gate.
 76971 | D:15     | Found a huge runed gate.
 76972 | D:15     | Found a huge runed gate.
 76973 | D:15     | Found a huge runed gate.
 76999 | D:15     | Found a huge runed gate.
 77000 | D:15     | Found a huge runed gate.
 77004 | D:15     | Reached skill level 1 in Necromancy
 77154 | D:15     | Found a huge runed gate.
 77155 | D:15     | Found a huge runed gate.
 77156 | D:15     | Found a huge runed gate.
 77171 | D:15     | Found a staircase to the Depths.
 77186 | D:15     | Found a huge runed gate.
 77197 | D:15     | Found a huge runed gate.
 77197 | D:15     | Found a huge runed gate.
 77197 | D:15     | Found a huge runed gate.
 77198 | D:15     | Found a huge runed gate.
 77199 | D:15     | Found a huge runed gate.
 77212 | D:15     | Found a huge runed gate.
 77213 | D:15     | Found a huge runed gate.
 77214 | D:15     | Found a huge runed gate.
 77215 | D:15     | Found a huge runed gate.
 77216 | D:15     | Found a huge runed gate.
 77217 | D:15     | Found a huge runed gate.
 77218 | D:15     | Found a huge runed gate.
 77274 | D:15     | Found a huge runed gate.
 77274 | D:15     | Found a huge runed gate.
 77274 | D:15     | Found a huge runed gate.
 77294 | D:15     | Found a huge runed gate.
 77294 | D:15     | Found a huge runed gate.
 77294 | D:15     | Found a huge runed gate.
 77294 | D:15     | Found a huge runed gate.
 77296 | D:15     | Found a huge runed gate.
 77301 | D:15     | Found a huge runed gate.
 77301 | D:15     | Found a huge runed gate.
 77301 | D:15     | Found a huge runed gate.
 77301 | D:15     | Found a huge runed gate.
 77301 | D:15     | Found a huge runed gate.
 77643 | D:15     | Noticed Juicyj's ghost (weakling FoFi)
 77643 | D:15     | Noticed selver's ghost (journeyman DsGl)
 77643 | D:15     | Noticed Puceqeiv's ghost (journeyman FoWn)
 77643 | D:15     | Noticed Yakesh's ghost (journeyman MiFi)
 77643 | D:15     | Noticed Qishud's ghost (adept GrEE)
 77643 | D:15     | Noticed Purphixowk's ghost (journeyman DsGl)
 77643 | D:15     | Noticed Giaff's ghost (journeyman DsGl)
 77643 | D:15     | Noticed Purphixowk's ghost (journeyman DsGl)
 77646 | D:15     | Noticed Xiestris's ghost (journeyman DsGl)
 77665 | D:15     | Killed Purphixowk's ghost
 77668 | D:15     | Killed Qishud's ghost
 77668 | D:15     | Killed Giaff's ghost
 77675 | D:15     | Killed Xiestris's ghost
 77694 | D:15     | Killed Purphixowk's ghost
 78001 | D:14     | Killed Yakesh's ghost
 78271 | D:15     | Killed Puceqeiv's ghost
 78312 | D:15     | Killed Juicyj's ghost
 78458 | D:15     | Identified the +0 pair of gloves of the Northern Lights
                  | {Will+ Slay+3}
 81032 | Spider:4 | Entered Level 4 of the Spider Nest
 81771 | Vaults:1 | Entered Level 1 of the Vaults
 82023 | Elf:1    | Entered Level 1 of the Elven Halls
 82030 | Elf:1    | Reached skill level 1 in Unarmed Combat
 82035 | Elf:1    | Learned a level 4 spell: Olgreb's Toxic Radiance
 82054 | Elf:1    | Learned a level 2 spell: Blink
 82111 | Elf:1    | Found Haryggov's Antique Armour Shoppe.
 82801 | Orc:2    | Found a staircase to the Elven Halls.
 82931 | Orc:2    | Found Nonifihi's Weapon Shop.
 82939 | Orc:2    | Found Tykakh's Armour Shoppe.
 82941 | Orc:2    | Found Josiqeip's Weapon Shop.
 82942 | Orc:2    | Found Niel's Assorted Antiques.
 83849 | Elf:2    | Found Lameok's Weapon Shop.
 84566 | Elf:2    | Got the Grimoire of Confrontation
 84728 | Elf:2    | Reached skill level 5 in Air Magic
 85071 | Elf:2    | Found a runed translucent gate.
 85071 | Elf:2    | Found a runed translucent gate.
 85071 | Elf:2    | Found a runed translucent gate.
 85514 | Elf:3    | Entered Level 3 of the Elven Halls
 85714 | Elf:3    | Paralysed by an air elemental for 1 turns
 85716 | Elf:3    | Paralysed by an air elemental for 1 turns
 85965 | Elf:3    | Reached XP level 18. HP: 146/146 MP: 28/38
 86780 | Elf:3    | Found Poschunk's Jewellery Shop.
 87629 | Elf:3    | Reached skill level 10 in Dodging
 87877 | Elf:3    | Identified the ring of the Pariah {MP+9 Str+4}
 88050 | Elf:3    | Reached skill level 10 in Fighting
 88564 | Elf:3    | Identified the +1 scimitar of Ignis's Displeasure {vorpal,
                  | +Blink rC- Dex-3 Stlth+}
 88565 | Elf:3    | Reached skill level 5 in Unarmed Combat
 88947 | Elf:3    | Identified the +8 triple crossbow "Impbane" {elec, +Blink
                  | rElec rN+ Will-}
 88969 | Elf:3    | Got Joanuj's Disquisition on Vitriolic Flight
 89224 | Lair:1   | Killed zeratav's ghost
 89334 | Lair:1   | Identified the +0 helmet "Put-Me-On" {rF+++ MP+9 Int-4
                  | Slay-5}
 89451 | Lair:5   | Killed mrw3rdna's ghost
 89549 | Lair:5   | Identified the +8 hunting sling "Lorem Ipsum" {flame,
                  | Dex+2}
 89848 | Vaults:1 | Found Donlan's Antique Weapon Shoppe.
 91911 | Vaults:1 | Reached skill level 10 in Air Magic
 91973 | Vaults:1 | Killed from afar by an ironbound frostheart

Illustrated notes

Levels and vault maps discovered:
D:1:      erik_arrival_cave_to_civilisation [erik_arrival_cave_to_temple],
          layout_rooms, minmay_pentomino_w4
D:2:      layout_rooms, uniq_natasha, uniq_terence
D:3:      lemuel_castle_with_subvaults [lemuel_castle_interior_original],
          layout_loops_ring, gammafunk_temple_overflow_claw,
          shapermc_ecumenical_altar_petra, minmay_misc_feat_encased,
          minmay_diced_spiral
D:4:      layout_rooms, grunt_gozag_breadcrumbs, slow_altar_1,
          mainiacjoe_overflow_small_starburst, serial_shops,
          nicolae_shop_behind_doors, kennysheep_potato
D:5:      layout_gridville, mainiacjoe_overflow_alcove_2, enter_ossuary_1,
          minmay_misc_feat_alley, palyth_stone_intersect
D:6:      layout_loops_corners, overflow_temple_1_default, temple_statues,
          serial_shops, shop, uniq_maggie, uniq_edmund
D:7:      cheibrodos_two_vegetables, layout_loops_corners, lemuel_flame_loot_1,
          uniq_harold
D:8:      kennysheep_seaside_town, layout_loops_ring,
          nzn_hepliaklqana_mist_gate, minmay_stone_trees_small
D:9:      layout_irregular_city, mainiacjoe_overflow_catch_the_wave,
          chequers_decorated_corner, uniq_psyche
D:10:     layout_loops_ring, lemuel_tele_altar, minmay_lair_entry_grove,
          orc_0_dummy, enter_trove_0
D:11:     layout_grid_maze, lightli_fourway_metalbox
D:12:     layout_basic, serial_shops, nicolae_shop_trees, hangedman_batty
D:13:     layout_grid_maze, david_vaults_4, serial_shops, nicolae_diamond_shop,
          gammafunk_ghost_smash
D:14:     layout_stronghold, gauntlet_entry_generic,
          nicolae_uskayaw_murder_on_the_dancefloor, kennysheep_small_square
D:15:     grunt_enter_depths_magical_seal, layout_long_grid,
          yredelemnul_altar_generic, gammafunk_ghost_door_vault
Lair:1:   layout_hall_layers, gammafunk_ghost_berserking_beasts, evilmike_ambush
          [evilmike_ambush_outer_corners, evilmike_ambush_inner_pond]
Lair:2:   layout_hall_layers, beast_lair_carwin_2, grunt_megastairs_2,
          infiniplex_staircase_pool_2
Lair:3:   beast_lair_carwin_large_4, layout_long_grid,
          skrybe_swamp_entry_bodies, dummy_spider_entry, lemuel_fruit_tree,
          uniq_snorg
Lair:4:   layout_cave_pods
Lair:5:   layout_layer_cave, gammafunk_ghost_arena
Lair:6:   evil_forest, layout_cellular_growth, slime_dummy,
          chequers_serial_rivers_small_a, grunt_megastairs_3, uniq_urug
Swamp:1:  nicolae_swamp_tree_isthmus, layout_falls_marsh,
          evilmike_swamp_ruin_house_3, infiniplex_staircase_pool
Swamp:2:  layout_basic_swamp, evilmike_swamp_ruin_wall, swamp_pool4,
          nzn_swamp_dancing_lights
Swamp:3:  layout_basic_swamp, hangedman_swamp_ruin_hall
Swamp:4:  grunt_swamp_rune_castle, layout_basic_swamp, swamp_pool3
Spider:1: layout_spider_delve, uniq_aizul, uniq_jorgrun
Spider:2: layout_spider_delve, uniq_donald
Spider:3: nicolae_spider_hilbert_zone_5 [nicolae_spider_hilbert_3_sides_1_open,
          nicolae_spider_hilbert_4_sides_1_open,
          nicolae_spider_hilbert_4_sides_1_open,
          nicolae_spider_hilbert_6_sides_1_open,
          nicolae_spider_hilbert_6_sides_1_open]
Spider:4: grunt_spider_rune_circles
Orc:1:    layout_caves
Orc:2:    st_orc_elflike, layout_caves, minmay_orc_temple_a, uniq_azrael,
          uniq_josephine
Elf:1:    minmay_elf_arrival_circle, layout_loops_cross, serial_shops,
          nicolae_lakefront_shop, mu_enter_wizlab_2
Elf:2:    nicolae_elf_blades_splatter_lattice [nicolae_blade_little_rooms],
          layout_geoelf_octagon, serial_shops, shop, minmay_elf_annihilation,
          uniq_asterion
Elf:3:    minmay_elf_hall_quartered_circle, layout_geoelf_diagonals,
          serial_shops, shop_fountains
Vaults:1: gammafunk_ghost_grave, nicolae_vaults_an_arrangement,
          vaults_standard_mumra_x, hangedman_vaults_stagger,
          ontoclasm_vaults_ring_large, v_misc_9, vaults_room_grid,
          vaults_room_semicircle, nicolae_vaults_ring_of_whatevers, v_misc_5,
          vaults_room_corners, nicolae_vaults_what_the_h,
          layout_vaults_omnicross, serial_shops, nicolae_shop_hallway_stairs

Skill      XL: |  1  2  3  4  5  6  7  8  9 10 11 12 13 14 15 16 17 18 |
---------------+-------------------------------------------------------+-----
Conjurations   | 4 5 6 7 8 9 10 11 12 13 14 | 14.0
Spellcasting   | 2 3 4 5 6 7 8 9 10 11 12 | 12.0
Translocations | 2 4 5 6 7 8 |  8.0
Hexes          | 3 6 8 9 10 11 12 | 12.5
Transmutations | 2 4 5 7 8 9 |  9.0
Dodging        | 2 4 5 7 9 12 | 12.2
Fighting       | 2 4 5 7 9 10 | 10.0
Poison Magic   | 2 3 5 6 |  6.0
Air Magic      | 2 3 5 10 | 10.5
Stealth        | 3 5 6 |  6.0
Evocations     | 2 4 6 |  6.0
Earth Magic    | 3 5 9 |  9.0
Fire Magic     | 4 6 |  6.0
Necromancy     | 4 |  4.0
Unarmed Combat | 3 7 |  7.3

Action                   |  1- 3 |  4- 6 |  7- 9 | 10-12 | 13-15 | 16-18 || total
-------------------------+-------+-------+-------+-------+-------+-------++-------
Melee: Mace              |     2 |     9 |    50 |     4 |       |       ||    65
       Punch             |       |       |     1 |     3 |     5 |       ||     9
       Short sword       |       |       |     1 |    36 |    71 |       ||   108
       Dagger            |       |       |       |     9 |       |       ||     9
       Staff             |       |       |       |       |    15 |    21 ||    36
 Cast: Magic Dart        |    60 |   108 |   210 |    81 |   137 |    31 ||   627
       Searing Ray       |     3 |    14 |    59 |    37 |     9 |     1 ||   123
       Iskenderun's Myst |       |       |    15 |   122 |   323 |    75 ||   535
       Fulminant Prism   |       |       |    14 |   119 |   265 |    89 ||   487
       Poisonous Vapours |       |       |       |     3 |       |   197 ||   200
       Iron Shot         |       |       |       |       |    53 |   176 ||   229
       Irradiate         |       |       |       |       |     2 |    24 ||    26
       Ignite Poison     |       |       |       |       |       |   168 ||   168
       Borgnjor's Vile C |       |       |       |       |       |    18 ||    18
       Olgreb's Toxic Ra |       |       |       |       |       |    34 ||    34
Evoke: Wand              |       |       |       |       |     2 |     7 ||     9
  Use: Scroll            |       |       |    11 |    17 |     2 |     7 ||    37
       Potion            |       |       |       |     1 |     1 |     1 ||     3
 Stab: Sleeping          |       |       |       |       |     2 |       ||     2
Armor: Robe              |     2 |    20 |    57 |       |    45 |    87 ||   211
       Steam dragon scal |       |       |    10 |    68 |    81 |       ||   159
Dodge: Dodged            |     9 |    30 |   101 |   180 |   359 |   346 ||  1025
       Repelled          |       |       |       |       |    13 |    17 ||    30
